 Dungeon Crawl Stone Soup version 0.28-a0-595-g9f6c0e134a (webtiles) character file.

Game seed: 9023027216331851063

14879 robertstho the Thaumaturge (level 12, -22/78 HPs)
             Began as a Djinni Fire Elementalist on Oct 4, 2021.
             Was an Initiate of Gozag.
             Blown up by an eye of devastation (44 damage)
             ... with a bolt of energy
             ... summoned by an orange crystal statue
             ... in a Gauntlet.
             The game lasted 00:30:11 (19009 turns).

robertstho the Thaumaturge (DjFE)                  Turns: 19009, Time: 00:30:12

Health: -22/78     AC:  9    Str:  7      XL:     12   Next: 50%
Gold:   1700       EV: 10    Int: 20 (23) God:    Gozag SH:  7 Dex: 13

rFire   + + +      SeeInvis .   (no weapon)
rCold   x . .      Faith    .   b - +0 kite shield {AC+3}
rNeg    . . .      Spirit   .   q - +0 leather armour {Will+}
rPois   ∞          Reflect  .   y - +2 hat
rElec   .          Harm     .   s - +0 cloak
rCorr   .          Rampage  .   (no gloves)
Will    ++...      NoTele   +   (boots unavailable)
Stlth   ++........              I - amulet of the acrobat
HPRegen 0.23/turn               E - ring of protection from fire
MPRegen 0.00/turn               (no ring)

@: flying, slowed, very slow
A: sickness immunity, fire resistance 2, cold vulnerability 1, float, innate
caster, hp casting, extra vitality 1
a: Renounce Religion, Potion Petition, Call Merchant, Bribe Branch


You were in a Gauntlet.
You worshipped Gozag.
Gozag was most pleased with you.
You visited 1 branch of the dungeon, and saw 11 of its levels.
You also visited: Sewer, Ossuary and Gauntlet.

You collected 2581 gold pieces.
You spent 187 gold pieces at shops.
You paid 694 gold pieces to Gozag.

Inventory:

Hand Weapons
 f - a +0 spectral short sword
Armour
 b - a +0 kite shield of protection (worn)
 q - a +0 leather armour of willpower (worn)
 s - a +0 cloak (worn)
 y - a +2 hat (worn)
Jewellery
 r - a ring of willpower
 E - a ring of protection from fire (left hand)
 I - an amulet of the acrobat (around neck)
Wands
 a - a wand of charming (12)
 k - a wand of flame (22)
 J - a wand of acid (7)
Scrolls
 j - 3 scrolls of teleportation
 l - 4 scrolls of fear
 m - a scroll of magic mapping
 o - 3 scrolls of enchant weapon
 p - 2 scrolls of immolation
 w - a scroll of silence
 A - 2 scrolls of blinking
 C - 2 scrolls of summoning
 F - 2 scrolls of torment {unknown}
 G - 2 scrolls of enchant armour {unknown}
 H - a scroll of fog
Potions
 c - 2 potions of cancellation
 d - a potion of ambrosia
 e - 2 potions of lignification {unknown}
 g - 3 potions of haste
 h - 3 potions of brilliance {unknown}
 i - 9 potions of curing
 n - 2 potions of attraction {unknown}
 t - 2 potions of degeneration {unknown}
 v - a potion of magic {unknown}
 z - 2 potions of berserk rage {unknown}
 D - a potion of might {unknown}


   Skills:
 + Level 4.2 Fighting
 + Level 1.0 Short Blades
 + Level 4.5 Staves
 + Level 5.0 Armour
 + Level 5.1 Dodging
 + Level 4.5 Stealth
 + Level 12.8 Spellcasting


You had 9 spell levels left.
You knew the following spells:

 Your Spells              Type           Power      Damage    Failure   Level
a - Foxfire               Conj/Fire      100%       2x1d9     1%          1
b - Scorch                Fire           100%       2d10      1%          2
c - Conjure Flame         Conj/Fire      59%        6-21      1%          3
d - Inner Flame           Hex/Fire       59%        N/A       1%          3
e - Flame Wave            Conj/Fire      59%        3d11      2%          4
f - Animate Skeleton      Necr           100%       N/A       1%          1
g - Ensorcelled Hibernat  Hex/Ice        100%       N/A       1%          2
h - Confusing Touch       Hex            59%        N/A       1%          3
i - Sticky Flame          Conj/Fire      59%        2d7       2%          4
j - Passage of Golubria   Tloc           N/A        N/A       2%          4
Your spell library was empty.

Dungeon Overview and Level Annotations

Branches:
Dungeon (11/15)            Temple (0/1) D:4            Lair (0/6) D:10
  Sewer (visited)         Ossuary (visited)         Gauntlet (1/1)
    Orc: D:9-12

Altars:
Cheibriados
Fedhas
Gozag
Hepliaklqana
Qazlal
Sif Muna
Trog
Xom
Yredelemnul
Zin
The Shining One
Beogh

Shops:
D:5 (   D:10 [

Annotations:
D:6 3 runed translucent doors, AttackTheMoon's ghost, novice TrFi Gauntlet 9 transporters, 3 runed translucent doors, exclusion: orange crystal statue


Innate Abilities, Weirdness & Mutations

You are immune to sickness and miasma.
You are immune to poison.
Your flesh is very heat resistant. (rF++)
You are vulnerable to cold. (rC-)
You float through the air rather than walking.
You learn spells naturally, not from books.
Your magical power is your life essence.
You have superior vitality. (+4 HP)


Message History

The orange crystal statue stops burning.
A wave of flame ripples out!
The flame wave engulfs the torpor snail!
The torpor snail is severely wounded.
The flame wave engulfs the eye of devastation!
The eye of devastation is moderately wounded.
The flame wave engulfs the orange crystal statue.
The orange crystal statue resists.
The orange crystal statue is heavily damaged.
The torpor snail closely misses you.
Being near the torpor snail leaves you feeling lethargic.
The orange crystal statue fixes its piercing gaze on you.
Something tries to feed on your intellect!
A wave of flame ripples out!
The flame wave engulfs the torpor snail.
The torpor snail is severely wounded.
The flame wave engulfs the eye of devastation but does no damage.
The eye of devastation is moderately wounded.
The flame wave engulfs the orange crystal statue but does no damage.
The orange crystal statue is heavily damaged.
You finish channelling waves of flame.
The torpor snail closely misses you. The eye of devastation gazes at you.
The bolt of energy hits you!!
Casting: Flame Wave (dangerous; 2% risk of failure)
Confirm with . or Enter, or press ? or * to list all spells.
Aiming: Sticky Flame (dangerous; 2% risk of failure)
Press: ? - help, Shift-Dir - straight line, f - orange crystal statue
Aim: an orange crystal statue (heavily damaged, 100% to hit)
The sticky flame hits the orange crystal statue.
The orange crystal statue resists.
The orange crystal statue is heavily damaged.
The orange crystal statue is covered in liquid flames!
* * * LOW HITPOINT WARNING * * *
The orange crystal statue burns!
The orange crystal statue fixes its piercing gaze on you.
The torpor snail barely misses you. The eye of devastation gazes at you.
The bolt of energy hits you!!!
Ouch! That really hurt!
You die...

##≈.♣.#.#≈..#.#.#########
#≈≈...#:###+#z#.#..##...#
##≈...#zzzzzzz#.#.#...###
##...#########.#.#..#..#
##≈.♣.........#©#©.#©#..# # #
#≈≈.P.#########.#..#..#.#
#...##≈...#.......#.###...#.#
#.♣. ##...#w.#.#..#.#...##..#
#...##..♣.#?@#.#..#.#########
.##.♣.#..P..#G8#©#..#©#.......#
......#.♣...#=.#.#..###...♣...#
.##.©.#.....#).#.#..#....P..P.#
#...#.....#.......#..P#≈#≈#.#
.##.©.#.....#########.P.≈≈≈≈≈.#
......#..∩............♣.#≈#≈#.#
.##.©.#.....#########..P≈≈≈≈≈.#
#...#.....#}=#.##G#...#≈#≈#.#


You could see an orange crystal statue (burning), a torpor snail (summoned), an
eye of devastation (summoned) and 8 flying skulls.

Vanquished Creatures
  Harold (D:10)
  Nergalle (D:10)
  A sixfirhy (Gauntlet)
  A moth of wrath (D:3)
  A manticore (D:10)
  Maurice (D:8)
  A worldbinder (Gauntlet)
  A centaur zombie (D:10)
  A gargoyle (D:10)
  Maggie (D:6)
  A merfolk (D:10)
  2 trolls (D:10)
  A meliai zombie (D:10)
  6 wyverns
  Sigmund (D:4)
  A wraith (D:10)
  3 shadows
  Eustachio (D:4)
  A spriggan (D:7)
  5 yaks (D:10)
  A hog (D:10)
  2 steam dragons
  An acid dragon (D:11)
  2 water moccasins (D:8)
  5 orc warriors
  A sky beast (D:7)
  An ice beast (D:5)
  10 black bears
  2 boggarts (Gauntlet)
  A necrophage (D:5)
  2 ogres
  A hornet zombie (D:7)
  10 centaurs
  3 phantoms
  6 bullfrogs
  2 kobold brigands (D:10)
  2 elf zombies (Ossuary)
  5 gnoll sergeants
  A scorpion (D:6)
  2 wyvern skeletons
  4 wights (D:9)
  3 killer bees (D:9)
  9 electric eels (D:10)
  2 howler monkeys
  3 jellies (D:4)
  3 hounds
  A bullfrog skeleton (D:5)
  A centaur skeleton (D:6)
  4 human zombies (Ossuary)
  9 orc priests
  Crazy Yiuf (D:4)
  5 gnoll shamans
  13 orc wizards
  Natasha (thrice) (D:3)
  4 iguanas
  2 killer bee zombies (D:5)
  A hound skeleton (D:4)
  2 mummies (Ossuary)
  16 gnolls
  3 adders
  4 ufetubi
  An adder zombie (Ossuary)
  An adder skeleton (D:4)
  9 worms
  2 dart slugs
  30 orcs
  11 endoplasms
  5 giant cockroaches
  9 goblins
  2 hobgoblins
  9 jackals
  16 kobolds
  12 quokkas
  10 ball pythons
  18 bats
  4 frilled lizards
  16 hobgoblin zombies (Ossuary)
  A jackal zombie (Ossuary)
  7 kobold zombies (Ossuary)
  5 orc zombies (Ossuary)
  7 rats
  A rat zombie (Ossuary)
361 creatures vanquished.

Vanquished Creatures (collateral kills)
  4 foxfires (D:10)
4 creatures vanquished.

Vanquished Creatures (others)
  830 foxfires
  62 plants (D:10)
892 creatures vanquished.

Grand Total: 1257 creatures vanquished

Notes
Turn   | Place    | Note
-------+----------+-------------------------------------------
     0 | D:1      | robertstho the Djinni Fire Elementalist began the quest for
                  | the Orb.
     0 | D:1      | Reached XP level 1. HP: 15/15 MP: 0/0
   227 | D:1      | Reached XP level 2. HP: 14/21 MP: 0/0
   828 | D:1      | Reached skill level 3 in Spellcasting
  1003 | D:1      | Reached XP level 3. HP: 24/25 MP: 0/0
  1003 | D:1      | Learned a level 1 spell: Animate Skeleton
  1557 | D:2      | Found a glowing golden altar of the Shining One.
  1955 | D:2      | Reached XP level 4. HP: 24/31 MP: 0/0
  2689 | D:3      | You are sucked into a shaft and drop 2 floors!
  2689 | D:5      | Entered Level 5 of the Dungeon
  2726 | D:5      | Noticed a phantom
  2731 | D:5      | Reached XP level 5. HP: 26/35 MP: 0/0
  2731 | D:5      | Learned a level 2 spell: Ensorcelled Hibernation
  2738 | D:5      | Killed a phantom
  2739 | D:5      | Reached skill level 1 in Short Blades
  2739 | D:5      | Reached skill level 4 in Spellcasting
  3025 | D:5      | Found Coriaqae's Antique Weapon Emporium.
  3055 | D:5      | Found a glowing drain.
  3070 | Sewer    | Entered a sewer
  3077 | Sewer    | Reached XP level 6. HP: 6/40 MP: 0/0
  4445 | D:5      | Found a shimmering altar of Xom.
  4449 | D:5      | Found a glowing silver altar of Zin.
  4454 | D:5      | Found a hazy altar of Hepliaklqana.
  4549 | D:5      | Found an opulent altar of Gozag.
  4610 | D:5      | Noticed an ogre
  4615 | D:5      | Killed an ogre
  4616 | D:5      | Reached skill level 5 in Spellcasting
  4623 | D:5      | Reached XP level 7. HP: 15/46 MP: 0/0
  4623 | D:5      | Learned a level 3 spell: Confusing Touch
  4808 | D:5      | Became a worshipper of Gozag Ym Sagoz the Greedy
  5075 | D:5      | Reached skill level 6 in Spellcasting
  5233 | D:4      | Found a runed translucent door.
  5238 | D:4      | Noticed Crazy Yiuf
  5346 | D:4      | Noticed Eustachio
  5355 | D:4      | Killed Eustachio
  5356 | D:4      | Reached skill level 1 in Fighting
  5356 | D:4      | Reached XP level 8. HP: 43/52 MP: 0/0
  5527 | D:4      | Reached skill level 7 in Spellcasting
  5712 | D:4      | Found a staircase to the Ecumenical Temple.
  5797 | D:4      | Noticed Sigmund
  5803 | D:4      | Killed Sigmund
  5952 | D:4      | Reached XP level 9. HP: 50/57 MP: 0/0
  5952 | D:4      | Learned a level 4 spell: Sticky Flame
  6167 | D:3      | Found a basalt altar of Yredelemnul.
  6199 | D:3      | Noticed Natasha
  6205 | D:3      | Killed Natasha
  6206 | D:3      | Reached skill level 8 in Spellcasting
  6246 | D:3      | Noticed Natasha
  6250 | D:3      | Killed Natasha
  6297 | D:3      | Noticed Natasha
  6305 | D:3      | Killed Natasha
  6692 | D:3      | Found a glowing golden altar of the Shining One.
  6785 | D:3      | Found a faded altar of an unknown god.
  6880 | D:3      | Noticed a moth of wrath
  6885 | D:3      | Found a bloodstained altar of Trog.
  6896 | D:3      | Killed a moth of wrath
  7071 | D:3      | Found a blossoming altar of Fedhas.
  7316 | D:4      | Found a snail-covered altar of Cheibriados.
  7567 | D:4      | Identified the +2 quarterstaff of Corruption {venom, +Blink
                  | rF+ rCorr}
  7630 | D:4      | Killed Crazy Yiuf
  8129 | D:6      | Reached skill level 9 in Spellcasting
  8791 | D:6      | Found a stormy altar of Qazlal.
  8854 | D:6      | Reached skill level 1 in Armour
  8974 | D:6      | Found a runed translucent gate.
  8974 | D:6      | Found a runed translucent gate.
  8974 | D:6      | Found a runed translucent gate.
  8979 | D:6      | Noticed AttackTheMoon's ghost (novice TrFi)
  8983 | D:6      | Noticed Maggie
  8987 | D:6      | Reached XP level 10. HP: 49/64 MP: 0/0
  9269 | D:6      | Killed Maggie
  9270 | D:6      | Reached skill level 1 in Staves
 10290 | D:7      | Reached skill level 10 in Spellcasting
 10926 | D:8      | Noticed Maurice
 10941 | D:8      | Killed Maurice
 11023 | D:8      | Found a sand-covered staircase.
 11031 | Ossuary  | Entered an ossuary
 12803 | D:9      | Reached XP level 11. HP: 52/71 MP: 0/0
 12803 | D:9      | Learned a level 4 spell: Passage of Golubria
 12809 | D:9      | Identified the +4 flail "Ovviqud" {drain, Will- Str+6}
 13562 | D:10     | Entered Level 10 of the Dungeon
 14119 | D:10     | Reached skill level 11 in Spellcasting
 15346 | D:10     | Noticed Harold
 15361 | D:10     | Killed Harold
 16078 | D:10     | Noticed Nergalle
 16092 | D:10     | Killed Nergalle
 16093 | D:10     | Reached skill level 12 in Spellcasting
 16093 | D:10     | Reached XP level 12. HP: 31/78 MP: 0/0
 16708 | D:10     | Found a staircase to the Lair.
 16826 | D:10     | Found a stormy altar of Qazlal.
 17356 | D:10     | Identified the +2 quarterstaff of Focus {drain, MP+9}
 17356 | D:10     | Identified the +1 scale mail of the Boiling Point {Rampage
                  | rPois}
 18137 | D:10     | Reached skill level 5 in Dodging
 18307 | D:10     | Bought a runed kite shield for 187 gold pieces
 18471 | D:11     | Found a gate leading to a gauntlet.
 18521 | Gauntlet | Entered a Gauntlet
 18521 | Gauntlet | Noticed a sixfirhy
 18521 | Gauntlet | Found a transporter.
 18532 | Gauntlet | Found a transporter.
 18534 | Gauntlet | Found a transporter.
 18547 | Gauntlet | Found a transporter.
 18548 | Gauntlet | Found a transporter.
 18551 | Gauntlet | Noticed a quicksilver ooze
 18558 | Gauntlet | Found a transporter.
 18570 | Gauntlet | Found a runed translucent door.
 18578 | Gauntlet | Found a transporter.
 18581 | Gauntlet | Noticed a great orb of eyes
 18589 | Gauntlet | Found a transporter.
 18601 | Gauntlet | Found a transporter.
 18616 | Gauntlet | Found a runed translucent door.
 18616 | Gauntlet | Found a runed translucent door.
 18620 | Gauntlet | Found a transporter.
 18634 | Gauntlet | Found a transporter.
 18636 | Gauntlet | Found a transporter.
 18682 | Gauntlet | Found a transporter.
 18699 | Gauntlet | Found a transporter.
 18786 | Gauntlet | Killed a sixfirhy
 18787 | Gauntlet | Reached skill level 5 in Armour
 19009 | Gauntlet | Blown up by an eye of devastation

Illustrated notes

Levels and vault maps discovered:
D:1:      ncdulo_wetmaze, layout_rooms
D:2:      layout_basic, basic_altar
D:3:      layout_rooms, tgw_trog, lemuel_round_altar,
          mainiacjoe_overflow_surrounded_room, mainiacjoe_overflow_paths,
          hellmonk_ecumenical_altar_blasted, uniq_natasha
D:4:      layout_basic, chequers_temple_overflow_statue_of_worship,
          minmay_temple_entry_hall, uniq_sigmund, uniq_crazy_yiuf_cottage,
          uniq_eustachio
D:5:      layout_basic, lemuel_round_altar, grunt_temple_overflow_diamond,
          serial_shops, kennysheep_mini, portal_sewer_entry_f,
          hangedman_decor_growths, kennysheep_dice
D:6:      layout_gridville, nicolae_qazlal_general_emergency,
          biasface_ghost_orc_armoury, uniq_maggie
D:7:      layout_loops_ring, minivault_1, the_hattery
D:8:      layout_basic, lightli_ossuary_entry_decrepit_ruins, uniq_maurice
D:9:      layout_basic
D:10:     kennysheep_town, uniq_harold, uniq_nergalle
D:11:     layout_long_grid, minmay_orc_entry_guard_dogs, gauntlet_entry_generic
Gauntlet: minmay_gauntlet_77_tree [minmay_gauntlet_arena_77_checkered,
          minmay_gauntlet_arena_77_squiggly,
          minmay_gauntlet_arena_77_double_cross,
          minmay_gauntlet_arena_77_shame_cube,
          minmay_gauntlet_arena_77_chump_sandwich,
          minmay_gauntlet_arena_77_tiled_triplets,
          minmay_gauntlet_arena_77_path, gauntlet_exit_watery]

Skill      XL: |  1  2  3  4  5  6  7  8  9 10 11 12 |
---------------+-------------------------------------+-----
Spellcasting   | 3 4 5 6 7 9 10 12 | 12.8
Stealth        | 2 3 4 |  4.5
Short Blades   | 1 |  1.0
Fighting       | 1 2 3 4 |  4.2
Dodging        | 3 4 5 |  5.1
Armour         | 1 3 4 5 |  5.0
Staves         | 3 4 |  4.5

Action                   |  1- 3 |  4- 6 |  7- 9 | 10-12 || total
-------------------------+-------+-------+-------+-------++-------
Melee: Short sword       |     8 |       |     1 |       ||     9
       Quarterstaff      |       |       |     4 |    63 ||    67
 Cast: Foxfire           |    82 |    70 |   129 |   190 ||   471
       Scorch            |    10 |    42 |    73 |    93 ||   218
       Flame Wave        |       |     1 |     5 |    40 ||    46
       Ensorcelled Hiber |       |       |     1 |     4 ||     5
       Sticky Flame      |       |       |     1 |    33 ||    34
       Confusing Touch   |       |       |       |     1 ||     1
Invok: Call Merchant     |       |       |       |     1 ||     1
  Use: Scroll            |       |     6 |     1 |     9 ||    16
       Potion            |       |       |     2 |     5 ||     7
 Stab: Sleeping          |     1 |       |       |     3 ||     4
Armor: Robe              |       |     2 |       |       ||     2
       Leather armour    |       |       |     9 |    65 ||    74
Dodge: Dodged            |    18 |    15 |    16 |   142 ||   191
Block: Kite shield       |       |       |       |     2 ||     2

Table legend: (Time is in decaauts)
 A = Elapsed time spent in this place.
 B = Non-inter-level travel time spent in this place.
 C = Inter-level travel time spent in this place.
 D = Time resting spent in this place.
 E = Time spent auto-exploring this place.
 F = Levels seen in this place.
 G = Mean time per level.
                   A        B        C        D        E       F      G
               +--------+--------+--------+--------+--------+-----+--------+
         Total |  19022 |  18611 |    411 |   2430 |  13918 |  14 | 1358.7 |
       Dungeon |  16329 |  15918 |    411 |   1614 |  12441 |  11 | 1484.5 |
         Sewer |   1334 |   1334 |      0 |    510 |    654 |   1 | 1334.0 |
       Ossuary |    870 |    870 |      0 |    215 |    563 |   1 |  870.0 |
      Gauntlet |    488 |    488 |      0 |     91 |    260 |   1 |  488.0 |
               +--------+--------+--------+--------+--------+-----+--------+

Top non-repeatable levels by time:
    D:10: 4530 daAuts
     D:5: 1767 daAuts
     D:6: 1650 daAuts
     D:9: 1501 daAuts
     D:4: 1411 daAuts
     D:1: 1390 daAuts
   Sewer: 1334 daAuts
     D:2: 1205 daAuts
     D:3: 1195 daAuts
     D:7: 913 daAuts
 Ossuary: 870 daAuts
     D:8: 674 daAuts
Gauntlet: 488 daAuts
    D:11: 88 daAuts
